 Dungeon Crawl Stone Soup version 0.29-a0-22-gbf593b16ee (webtiles) character file.

Game seed: 12450104024529447461

4295 puppykicker the Carver (level 10, -3/64 HPs)
             Began as a Djinni Hedge Wizard on Jan 29, 2022.
             Was a Follower of Hepliaklqana.
             Slain by a yak (7 damage)
             ... on level 8 of the Dungeon.
             The game lasted 00:17:27 (6780 turns).

puppykicker the Carver (Djinni Hedge Wizard)        Turns: 6780, Time: 00:17:28

Health: -3/64      AC:  7    Str: 13    XL:     10   Next: 57%
Gold:   324        EV: 13    Int: 22    God:    Hepliaklqana [*.....] SH:  0 Dex: 13

rFire   + + .      SeeInvis .   a - +0 scimitar
rCold   . . .      Faith    .   (no shield)
rNeg    . . .      Spirit   .   q - +0 troll leather armour {Pargi}
rPois   ∞          Reflect  .   s - +2 hat
rElec   .          Harm     .   (no cloak)
rCorr   .          Rampage  .   n - +0 pair of gloves
Will    +....                   (boots unavailable)
Stlth   ++........              (no amulet)
HPRegen 1.00/turn               I - ring of protection from cold
MPRegen 0.00/turn               p - +6 ring of intelligence

@: flying
A: reduced essence, sickness immunity, fire resistance 2, cold vulnerability 1,
float, innate caster, HP casting, extra vitality 1
a: Renounce Religion, Recall Ancestor, Ancestor Identity


You were on level 8 of the Dungeon.
You worshipped Hepliaklqana.
Hepliaklqana was aware of your devotion.
You visited 2 branches of the dungeon, and saw 9 of its levels.

You collected 324 gold pieces.

Inventory:

Hand Weapons
 a - a +0 scimitar (weapon)
 b - the +3 mace "Syebrae" {flame, rPois rF+ Int+3 Dex+4}
   (You found it on level 2 of the Dungeon)

   It burns those it strikes, dealing additional fire damage.
   Int:       It affects your intelligence (+3).
   Dex:       It affects your dexterity (+4).
   rF:        It protects you from fire.
   rPois:     It protects you from poison.
 j - the +9 quarterstaff of the Ship {antimagic, rPois}
   (You found it on level 8 of the Dungeon)

   It reduces the magical energy of the wielder, and disrupts the spells and
   magical abilities of those it strikes.
   Natural abilities and divine invocations are not affected.
   rPois:     It protects you from poison.
Missiles
 w - 3 silver javelins (quivered)
Armour
 n - a +0 pair of gloves (worn)
 q - a +0 troll leather armour (worn) {Pargi}
 s - a +2 hat (worn)
Jewellery
 k - a ring of protection from cold
 p - a +6 ring of intelligence (right hand)
 I - a ring of protection from cold (left hand)
 N - a ring of positive energy {rN+}
Wands
 c - a wand of mindburst (19)
 i - a wand of paralysis (14)
Scrolls
 e - a scroll of fear
 f - a scroll of teleportation {unknown}
 g - a scroll of noise {!r}
 h - 2 scrolls of immolation {!r}
 l - 3 scrolls of holy word {unknown}
 B - a scroll of blinking {!r}
Potions
 d - a potion of brilliance
 m - a potion of might
 o - a potion of mutation {unknown}
 u - 3 potions of curing {unknown}


   Skills:
 - Level 5.7 Fighting
 + Level 10.4 Long Blades
 - Level 3.8 Armour
 - Level 5.0 Dodging
 - Level 1.5 Stealth
 - Level 4.0 Spellcasting


You couldn't memorise any spells.
You knew the following spells:

 Your Spells              Type           Power      Damage    Failure   Level
a - Magic Dart            Conj           88%        1d7       2%          1
b - Call Imp              Summ           22%        N/A       3%          2
c - Conjure Flame         Conj/Fire      22%        6-21      8%          3
d - Beastly Appendage     Tmut           44%        N/A       2%          1
e - Searing Ray           Conj           44%        2d6       3%          2
f - Gell's Gravitas       Tloc           22%        N/A       8%          3
o - Ozocubu's Armour      Ice            22%        N/A       8%          3
p - Blink                 Tloc           44%        N/A       3%          2
s - Slow                  Hex            88%        N/A       2%          1
x - Mephitic Cloud        Conj/Pois/Air  22%        N/A       8%          3
Your spell library was empty.

Dungeon Overview and Level Annotations

Branches:
Dungeon (8/15)             Temple (1/1) D:6
   Lair: D:8-11

Altars:
Ashenzari
Dithmenos
Elyvilon
Fedhas
Gozag
Hepliaklqana
Makhleb
Okawaru
Ru
Sif Muna
Wu Jian
Zin

Shops:
D:5 ([   D:7 =


Innate Abilities, Weirdness & Mutations

Your life essence is reduced to manifest your ancestor. (-10% HP)
You are immune to sickness and miasma.
You are immune to poison.
Your flesh is very heat resistant. (rF++)
You are vulnerable to cold. (rC-)
You float through the air rather than walking.
You learn spells naturally, not from books.
Your magical power is your life essence.
You have superior vitality. (+4 MHP)


Message History

Casting: Mephitic Cloud (dangerous; 8% risk of failure)
Aiming: Mephitic Cloud (dangerous; 8% risk of failure)
Press: ? - help, Shift-Dir - straight line, f - your gay dad, p - yak
Aim: your gay dad the ancestor (friendly, not susceptible)
Your gay dad avoids your attack.
The ball explodes into a vile cloud!
Your gay dad avoids your attack.
The stinking cloud engulfs the yak but does no damage. x2
The stinking cloud engulfs you but does no damage.
* * * LOW HITPOINT WARNING * * *
The yak seems less confused.
The yak is engulfed in noxious fumes. x2
The yak appears confused.
You take 2 damage, and have 25/64 hp.
You are too injured to fight recklessly!
You are too injured to fight recklessly!
You are too injured to fight recklessly!
You hit the yak but do no damage.
The yak is engulfed in noxious fumes.
Unknown command.
You slash the yak!
The yak is engulfed in noxious fumes.
The yak appears confused.
The yak gores your gay dad.
The yak is engulfed in noxious fumes.
The yak appears confused.
Unknown command.
You slash the yak!
The yak is engulfed in noxious fumes.
The yak appears confused.
The yak barely misses your gay dad.
The yak gores your gay dad but does no damage.
You are too injured to fight recklessly!
You hit the yak but do no damage.
The yak is engulfed in noxious fumes.
The yak appears confused.
The yak dies!
The yak is engulfed in noxious fumes.
The yak appears confused.
The yak gores you.
* * * LOW HITPOINT WARNING * * *
You hit the yak. The yak gores you!
* * * LOW HITPOINT WARNING * * *
The yak barely misses you.
You take 12 damage, and have 16/64 hp.
You hit the yak. You hit the yak. The yak gores you!
* * * LOW HITPOINT WARNING * * *
The yak gores you!
You die...

### ##.....# ..##
#$.....# ...## .......#
.<..# ###......# ....#
#........#
....##########........#
....#.................#
................@.....#
............<..YRY<...#
...#..^#.............##
>...................##
....))....###########
..........##
.......#...########
.....#.#.#.#......#
...#.#.....#......#


You could see the friendly your gay dad the ancestor and 2 yaks.

Levels and vault maps discovered:
D:1:      zaba_arrival_water, layout_loops_corners,
          hellmonk_ecumenical_altar_watching_god, minmay_bisected
D:2:      layout_rooms, minmay_between
D:3:      layout_loops_ring, minmay_misc_feat_more_columns, uniq_pargi
D:4:      layout_cave_pools
D:5:      layout_basic, lightli_temple_of_fire, mainiacjoe_overflow_brackets,
          serial_shops, nicolae_shop_competitors_out_of_business,
          nicolae_shop_statue_plus, uniq_menkaure
D:6:      layout_loops_ring, nicolae_gozag_seed_capital,
          nicolae_overflow_squiral, minmay_temple_entry_enclosed_plants,
          uniq_edmund
D:7:      layout_basic, serial_shops, shop
D:8:      layout_rooms, cheibrodos_worm_habitat, trog_wizard
Temple:   pdpol_scorched_temple

Notes
Turn   | Place    | Note
-------+----------+-------------------------------------------
     0 | D:1      | puppykicker the Djinni Hedge Wizard began the quest for the
                  | Orb.
     0 | D:1      | Reached XP level 1. HP: 15/15 MP: 0/0
    36 | D:1      | Found a faded altar of an unknown god.
    36 | D:1      | Noticed a great orb of eyes
    40 | D:1      | Noticed a shining eye
    45 | D:1      | Noticed a great orb of eyes
    46 | D:1      | Identified a +0 dagger
    51 | D:1      | Noticed an eye of devastation
   248 | D:1      | Identified a +0 ring mail
   265 | D:1      | Identified a +0 hand axe
   280 | D:1      | Identified a ring of protection from cold
   288 | D:1      | Identified a +0 dagger
   306 | D:1      | Reached XP level 2. HP: 13/22 MP: 0/0
   311 | D:1      | Reached skill level 1 in Fighting
   454 | D:1      | Identified a +0 dagger
   499 | D:1      | Identified a +0 pair of gloves
   681 | D:1      | Identified a +0 scale mail
   798 | D:1      | Identified a +0 dagger
  1010 | D:1      | Reached XP level 3. HP: 20/27 MP: 0/0
  1010 | D:1      | Learned a level 1 spell: Beastly Appendage
  1172 | D:2      | Identified the +3 mace "Syebrae" {flame, rPois rF+ Int+3
                  | Dex+4}
  1187 | D:2      | Reached skill level 1 in Armour
  1476 | D:2      | Identified a +0 robe
  1498 | D:2      | Identified a +2 dagger of holy wrath
  1516 | D:2      | Reached XP level 4. HP: 33/33 MP: 0/0
  1550 | D:2      | Reached skill level 2 in Fighting
  1568 | D:2      | Identified a +0 dagger
  1799 | D:3      | Identified a +0 club
  1800 | D:3      | Identified a +0 dagger
  1838 | D:3      | Identified a +0 club
  1946 | D:3      | Identified a +0 club
  1948 | D:3      | Identified a +0 club
  1948 | D:3      | Identified a +6 ring of intelligence
  1951 | D:3      | Identified a +0 halberd
  1971 | D:3      | Reached skill level 3 in Dodging
  1971 | D:3      | Reached XP level 5. HP: 10/39 MP: 0/0
  1971 | D:3      | Learned a level 2 spell: Searing Ray
  1987 | D:3      | HP: 1/39 [gnoll (9)]
  2353 | D:3      | Noticed Pargi
  2400 | D:3      | Killed Pargi
  2400 | D:3      | Identified a +0 troll leather armour {Pargi}
  2401 | D:3      | Reached skill level 3 in Fighting
  2401 | D:3      | Reached skill level 2 in Armour
  2401 | D:3      | Reached skill level 3 in Spellcasting
  2401 | D:3      | Reached XP level 6. HP: 10/46 MP: 0/0
  2640 | D:3      | Identified 2 scrolls of fear
  2641 | D:3      | Identified 2 scrolls of noise
  2783 | D:3      | Identified a +0 leather armour
  2845 | D:3      | Identified a +0 short sword
  2845 | D:3      | Identified a +0 club
  2845 | D:3      | Identified a +0 dagger
  2894 | D:3      | Identified a +0 leather armour
  2898 | D:3      | Identified a +0 whip
  3138 | D:4      | Identified a +0 short sword
  3140 | D:4      | Identified a +0 dagger
  3142 | D:4      | Identified a +0 club
  3144 | D:4      | Identified a +0 club
  3178 | D:4      | Identified a +0 dagger
  3202 | D:4      | Identified a +0 club
  3203 | D:4      | Identified a +0 hand axe
  3203 | D:4      | Identified a +0 leather armour
  3204 | D:4      | Identified a +0 war axe
  3204 | D:4      | Identified a +0 ring mail
  3204 | D:4      | Identified a +0 trident
  3204 | D:4      | Identified a +0 leather armour
  3205 | D:4      | Identified a +0 dagger
  3205 | D:4      | Identified a +0 robe
  3214 | D:4      | Reached XP level 7. HP: 39/51 MP: 0/0
  3214 | D:4      | Learned a level 3 spell: Gell's Gravitas
  3221 | D:4      | Reached skill level 4 in Fighting
  3230 | D:4      | Reached skill level 4 in Dodging
  3231 | D:4      | Identified a +0 whip
  3231 | D:4      | Identified a +0 robe
  3236 | D:4      | Identified a +0 trident
  3236 | D:4      | Identified a +0 scale mail
  3238 | D:4      | Identified a +0 short sword
  3238 | D:4      | Identified a +0 chain mail
  3281 | D:4      | Identified a +0 dagger
  3281 | D:4      | Identified a +0 robe
  3381 | D:4      | Reached skill level 3 in Armour
  3623 | D:5      | Entered Level 5 of the Dungeon
  3623 | D:5      | Identified a +0 hand axe
  3623 | D:5      | Identified a +0 ring mail
  3633 | D:5      | Identified a +0 dagger
  3657 | D:5      | Identified a +0 mace
  3691 | D:5      | Identified a +0 dagger
  3691 | D:5      | Identified a +0 leather armour
  3692 | D:5      | Found Xamoit's Antique Weapon Shoppe.
  3741 | D:5      | Reached skill level 5 in Fighting
  3741 | D:5      | Reached XP level 8. HP: 58/59 MP: 0/0
  3830 | D:5      | Noticed Menkaure
  3833 | D:5      | Killed Menkaure
  3834 | D:5      | Reached skill level 4 in Spellcasting
  3858 | D:5      | Found Amuituj's Antique Armour Shoppe.
  3868 | D:5      | Identified a +2 hat
  3884 | D:5      | Found a white marble altar of Elyvilon.
  3894 | D:5      | Reached skill level 5 in Dodging
  3941 | D:5      | Identified a +0 scimitar
  3960 | D:5      | Identified a +0 giant club
  3972 | D:5      | Reached skill level 1 in Long Blades
  4164 | D:5      | Identified a +0 giant club
  4176 | D:5      | Reached skill level 2 in Long Blades
  4181 | D:5      | Identified a +0 robe
  4229 | D:5      | Found a burning altar of Makhleb.
  4232 | D:5      | Identified a ring of positive energy
  4319 | D:6      | Reached skill level 3 in Long Blades
  4377 | D:6      | Reached XP level 9. HP: 36/66 MP: 0/0
  4377 | D:6      | Learned a level 3 spell: Ozocubu's Armour
  4394 | D:6      | Found an opulent altar of Gozag.
  4445 | D:6      | Identified a +0 club
  4445 | D:6      | Identified a +0 chain mail
  4451 | D:6      | Identified a +0 short sword
  4451 | D:6      | Identified a +0 chain mail
  4451 | D:6      | Identified a +0 whip
  4451 | D:6      | Identified a +0 leather armour
  4484 | D:6      | Reached skill level 4 in Long Blades
  4538 | D:6      | Found a shadowy altar of Dithmenos.
  4585 | D:6      | Identified a +0 ring mail
  4601 | D:6      | HP: 12/66 [wyvern (17)]
  4603 | D:6      | Reached skill level 5 in Long Blades
  4680 | D:6      | Identified 2 scrolls of immolation
  4681 | D:6      | Identified 3 scrolls of identify
  4681 | D:6      | Identified a potion of degeneration
  4682 | D:6      | Identified a potion of brilliance
  4683 | D:6      | Identified a potion of magic
  4686 | D:6      | Identified a scroll of blinking
  4687 | D:6      | Identified a scroll of vulnerability
  4688 | D:6      | Identified a scroll of torment
  4760 | D:6      | Identified a +0 giant spiked club
  4825 | D:6      | Found a staircase to the Ecumenical Temple.
  4847 | D:6      | Identified a +4 dire flail of draining
  4847 | D:6      | Identified a +3 leather armour
  4847 | D:6      | Noticed Edmund
  4880 | D:6      | Killed Edmund
  4881 | D:6      | Reached skill level 6 in Long Blades
  5095 | D:6      | Identified a +0 leather armour
  5108 | D:6      | Identified a +0 short sword
  5216 | Temple   | Entered the Ecumenical Temple
  5224 | Temple   | Became a worshipper of Hepliaklqana the Forgotten
  5278 | D:7      | Reached skill level 7 in Long Blades
  5289 | D:7      | Reached skill level 8 in Long Blades
  5289 | D:7      | Reached XP level 10. HP: 32/72 MP: 0/0
  5517 | D:7      | Found Qeip's Jewellery Shop.
  5531 | D:7      | Identified a potion of might
  5597 | D:7      | Identified a +0 whip
  5598 | D:7      | Identified a +1 vampiric spear
  5598 | D:7      | Identified a +0 ring mail
  5599 | D:7      | Identified a +0 club
  5599 | D:7      | Identified a +0 flail
  5601 | D:7      | Identified a +0 whip
  5611 | D:7      | Identified a +0 club
  5635 | D:7      | Identified a +0 dagger
  5635 | D:7      | Identified a +0 robe
  5664 | D:7      | Identified a +0 dagger
  5664 | D:7      | Identified a +0 robe
  5683 | D:7      | Identified a +0 battleaxe
  5683 | D:7      | Identified a +0 chain mail
  5688 | D:7      | Identified a +0 dagger
  5688 | D:7      | Identified a +0 robe
  5690 | D:7      | Identified a +0 flail
  5731 | D:7      | Identified a potion of flight
  5801 | D:7      | Identified a +0 short sword
  5801 | D:7      | Noticed a deep elf pyromancer
  5831 | D:7      | Killed a deep elf pyromancer
  5832 | D:7      | Reached skill level 9 in Long Blades
  5993 | D:7      | Identified a +0 hunting sling
  6206 | D:7      | Identified a +0 dagger
  6206 | D:7      | Identified a +0 robe
  6207 | D:7      | Identified a +0 dagger
  6207 | D:7      | Identified a +0 robe
  6207 | D:7      | Identified a +0 dagger
  6207 | D:7      | Identified a +0 robe
  6335 | D:7      | Reached * piety under Hepliaklqana
  6440 | D:8      | Identified a +0 falchion
  6441 | D:8      | Identified a +0 club
  6442 | D:8      | Identified a +0 club
  6462 | D:8      | Reached skill level 10 in Long Blades
  6479 | D:8      | Identified a ring of fire
  6517 | D:8      | Identified the +9 quarterstaff of the Ship {antimagic,
                  | rPois}
  6527 | D:8      | Identified a +0 war axe
  6612 | D:8      | Identified a +4 falchion
  6612 | D:8      | Identified a +0 robe
  6612 | D:8      | Identified a +1 war axe
  6612 | D:8      | Identified a +0 robe
  6612 | D:8      | Identified a +3 battleaxe
  6612 | D:8      | Identified a +0 robe
  6612 | D:8      | Identified a +0 dagger
  6612 | D:8      | Identified a +0 robe
  6761 | D:8      | Identified a +0 robe
  6778 | D:8      | HP: 16/64 [yak (13)]
  6780 | D:8      | HP: 4/64 [yak (14)]
  6780 | D:8      | Slain by a yak

Table legend: (Time is in decaauts)
 A = Elapsed time spent in this place.
 B = Non-inter-level travel time spent in this place.
 C = Inter-level travel time spent in this place.
 D = Time resting spent in this place.
 E = Time spent auto-exploring this place.
 F = Levels seen in this place.
 G = Mean time per level.
                   A        B        C        D        E       F      G
               +--------+--------+--------+--------+--------+-----+--------+
         Total |   6925 |   6704 |    221 |   1358 |   3843 |   9 |  769.4 |
       Dungeon |   6908 |   6696 |    212 |   1358 |   3843 |   8 |  863.5 |
        Temple |     16 |      8 |      8 |      0 |      0 |   1 |   16.0 |
               +--------+--------+--------+--------+--------+-----+--------+

Top non-repeatable levels by time:
     D:3: 1355 daAuts
     D:7: 1181 daAuts
     D:1: 1169 daAuts
     D:6: 992 daAuts
     D:5: 678 daAuts
     D:2: 655 daAuts
     D:4: 537 daAuts
     D:8: 338 daAuts
  Temple: 16 daAuts

Table legend:
 A = Kills in this place as a percentage of kills in entire the game.
 B = Kills by you in this place as a percentage of kills by you in the entire game.
 C = Kills by friends in this place as a percentage of kills by friends in the entire game.
 D = Other kills in this place as a percentage of other kills in the entire game.
 E = Experience gained in this place as a percentage of experience gained in the entire game.
 F = Experience gained in this place divided by the number of levels of this place that you have seen.
                   A       B       C       D       E      F
               +-------+-------+-------+-------+-------+----------------------
         Total | 100.0 | 100.0 | 100.0 | 100.0 | 100.0 | 681.8
       Dungeon | 100.0 | 100.0 | 100.0 | 100.0 | 100.0 | 767.0
               +-------+-------+-------+-------+-------+----------------------

Skill      XL: |  1  2  3  4  5  6  7  8  9 10 |
---------------+-------------------------------+-----
Fighting       | 1 2 3 5 |  5.7
Armour         | 1 2 3 |  3.8
Dodging        | 3 4 5 |  5.0
Spellcasting   | 3 4 |  4.0
Long Blades    | 3 8 10 | 10.4
Stealth        | |  1.5

Action                   |  1- 3 |  4- 6 |  7- 9 | 10-12 || total
-------------------------+-------+-------+-------+-------++-------
Melee: Hand axe          |    37 |       |       |       ||    37
       Dagger            |     2 |       |       |       ||     2
       Mace              |    31 |   138 |   188 |       ||   357
       Punch             |     1 |     2 |     5 |     3 ||    11
       Halberd           |       |    10 |       |       ||    10
       Scimitar          |       |       |    20 |   164 ||   184
Throw: Javelin           |       |       |     5 |       ||     5
 Cast: Magic Dart        |     9 |       |       |       ||     9
       Mephitic Cloud    |       |     8 |    12 |     9 ||    29
       Call Imp          |       |     1 |       |       ||     1
Invok: Ancestor Identity |       |       |       |     2 ||     2
Evoke: Wand              |       |       |     1 |       ||     1
  Use: Scroll            |       |     2 |     7 |     2 ||    11
       Potion            |       |       |       |     1 ||     1
 Stab: Sleeping          |       |     3 |     3 |     1 ||     7
       Confused          |       |     2 |     7 |     7 ||    16
Armor: Ring mail         |    36 |    54 |       |       ||    90
       Robe              |     1 |       |       |       ||     1
       Troll leather arm |       |    20 |    62 |    50 ||   132
Dodge: Dodged            |    54 |   118 |   175 |    78 ||   425

Vanquished Creatures
  A deep elf pyromancer (D:7)
  6 yaks (D:7)
  A wyvern (D:6)
  2 steam dragons
  Menkaure (D:5)
  Edmund (D:6)
  Pargi (D:3)
  A black bear (D:5)
  An orc warrior (D:7)
  3 ogres
  3 necrophages
  A gnoll sergeant (D:7)
  A bullfrog (D:7)
  2 scorpions
  A water moccasin zombie (D:6)
  A wyvern skeleton (D:5)
  3 wights (D:8)
  2 orc priests (D:4)
  3 hounds
  A bullfrog skeleton (D:7)
  2 bullfrog zombies (D:5)
  A jelly (D:5)
  2 iguanas
  9 orc wizards
  A hound skeleton (D:5)
  A howler monkey zombie (D:7)
  8 gnolls
  4 adders
  A shadow imp (D:7)
  4 worms
  3 dart slugs
  18 orcs
  10 ball pythons
  6 endoplasms
  3 giant cockroaches
  6 goblins
  10 hobgoblins
  6 quokkas
  8 bats
  A frilled lizard (D:1)
  4 kobolds
  6 rats
150 creatures vanquished.

Vanquished Creatures (collateral kills)
  A yak (D:8)
  A sky beast (D:8)
  A wight (D:8)
  2 orcs (D:8)
5 creatures vanquished.

Vanquished Creatures (others)
  An ancestor (D:8)
1 creature vanquished.

Grand Total: 156 creatures vanquished
